 Dungeon Crawl Stone Soup version 0.31-a0-176-g91f28db67f (webtiles) character file.

Game seed: 6878502611008175945

777 qw the Shooter (level 7, -8/66 HPs)
             Began as a Naga Hunter on June 17, 2023.
             Mangled by an orc warrior
             ... wielding a +0 war axe
              (17 damage)
             ... on level 5 of the Dungeon.
             The game lasted 00:02:36 (4341 turns).

qw the Shooter (Naga Hunter)                        Turns: 4341, Time: 00:02:36

Health: -8/66      AC:  3    Str: 11 (13) XL:     7   Next: 84%
Magic:  7/7        EV: 15    Int:  7 (9)  God:
Gold:   239        SH:  0    Dex: 17      Spells: 6/6 levels left

rFire   . . .        Y - +0 shortbow
rCold   . . .        (shield currently unavailable)
rNeg    . . .        c - +0 leather armour
rPois   +            (no helmet)
rElec   .            (no cloak)
rCorr   +            (no gloves)
SInv    +            (no barding)
Will    .....        (no amulet)
Stlth   ++           h - ring of resist corrosion
HPRegen 0.31/turn    i - +5 ring of evasion
MPRegen 0.10/turn

%: no passive effects
@: about to teleport, very slow
A: AC +2, large, see invisible, deformed body, poison resistance, slowness 2,
spit poison 1, naga tail 1
a: Spit Poison


You were on level 5 of the Dungeon.
You visited 1 branch of the dungeon, and saw 5 of its levels.

You collected 239 gold pieces.


Innate Abilities, Weirdness & Mutations

Your serpentine skin is tough. (AC +2)
You have supernaturally acute eyesight. (SInv)
Armour fits poorly on your strangely shaped body.
Your system is resistant to poisons. (rPois)
You cover ground very slowly.
You can spit poison.
You have a snake-like lower body.


   Skills:
 - Level 4.9 Fighting
 + Level 7.2 Ranged Weapons
 - Level 2.3 Dodging
 - Level 1.5 Stealth


You had 6 spell levels left.
You didn't know any spells.
Your spell library was empty.

Inventory:

Hand Weapons
 Y - a +0 shortbow (weapon)
Armour
 a - a +0 pair of gloves
 c - a +0 leather armour (worn)
Jewellery
 h - a ring of resist corrosion (left hand)
 i - a +5 ring of evasion (right hand)
Scrolls
 g - a scroll of identify
Potions
 f - a potion of heal wounds {unknown}
 j - a potion of ambrosia {unknown}
 k - a potion of resistance
 l - 2 potions of mutation {unknown}

Dungeon Overview and Level Annotations

Branches:
Dungeon (5/15)             Temple (0/1) D:5

Altars:
Qazlal

Shops:
D:4 (   D:5 (

Annotations:
D:4 1 runed translucent door, Crazy Yiuf


Message History

The orc warrior hits you with a +0 war axe!
The orc wizard gestures wildly while chanting.
The orc wizard flickers and vanishes for a moment.
You shoot an arrow.
The arrow barely misses the orc warrior.
The arrow barely misses the orc.
The orc warrior misses you.
The orc wizard casts a spell.
The orc wizard flickers and vanishes for a moment.
You shoot an arrow.
The arrow hits the orc warrior but does no damage.
The orc warrior is heavily wounded.
You have got your breath back.
The orc warrior hits you with a +0 war axe.
4337 ||| INVOKING Spit Poison.
Aiming: Spit Poison (1% risk of failure)
Press: ? - help, Shift-Dir - straight line, f/p - orc warrior The splash of poison hits the orc warrior.
The orc warrior looks even sicker.
The orc warrior is severely wounded.
The orc warrior closely misses you.
You shoot an arrow.
The arrow barely misses the orc warrior.
The arrow hits the orc!
You kill the orc!
The orc warrior hits you with a +0 war axe.
You shoot an arrow.
The arrow hits the orc warrior but does no damage.
The orc warrior is severely wounded.
The orc warrior hits you with a +0 war axe.
You shoot an arrow.
The arrow barely misses the orc warrior.
The arrow hits the orc wizard but does no damage.
The orc warrior hits you with a +0 war axe!
4341 ||| READING scroll of teleportation.
As you read the scroll of teleportation, it crumbles to dust.
You feel strangely unstable.
You have got your breath back.
The orc warrior hits you with a +0 war axe!
You die...

##........# #
##.###.###.# ###\##
#.# #.# .#..# #.#
#.# #.###
#.###.##### #.#
#.........# #.#
#####.###.# #.# #.#
#.# #.###### #.#
#@# .......# #.#
#o# .#####.# #.#
#o..ooo.. .# #.#
#.. ...[....> .#
#.#########.....?..
.# #........
..#(.##..
.#####..######
#.#..# ..
.....%......#
#.#.... .
.#####..###...
....#...


You could see an orc warrior (very poisoned) and an orc wizard (invisible).

Vanquished Creatures
  Sigmund (D:2)
  A sky beast (D:3)
  3 scorpions (D:4)
  A howler monkey (D:4)
  2 hounds (D:4)
  Jessica (D:2)
  An orc wizard (D:4)
  A gnoll (D:1)
  9 adders
  2 worms
  4 dart slugs
  6 orcs
  7 endoplasms
  16 giant cockroaches
  2 goblins (D:1)
  5 hobgoblins
  7 jackals
  4 quokkas
  6 ball pythons
  6 bats
  3 frilled lizards
  4 kobolds
  7 rats
99 creatures vanquished.

Notes
Turn   | Place    | Note
-------+----------+-------------------------------------------
     0 | D:1      | qw the Naga Hunter began the quest for the Orb.
     0 | D:1      | Reached XP level 1. HP: 19/19 MP: 1/1
     0 | D:1      | 0 ||| qw: Version: 0.3-a-5-g6f28e65
     0 | D:1      | 0 ||| qw: Game counter: 468
     0 | D:1      | 0 ||| qw: Always use a shield: true
     0 | D:1      | 0 ||| qw: God list: Okawaru
     0 | D:1      | 0 ||| qw: Allow faded altars: false
     0 | D:1      | 0 ||| qw: Do Orc after D:15 true
     0 | D:1      | 0 ||| qw: Do second Lair branch before Depths: true
     0 | D:1      | 0 ||| qw: Lair rune preference: random
     0 | D:1      | 0 ||| qw: Plans: Normal
     0 | D:1      | 0 ||| PLANNING D:1-11
    86 | D:1      | 86 ||| INVOKING Spit Poison.
    92 | D:1      | 92 ||| INVOKING Spit Poison.
    93 | D:1      | Reached skill level 4 in Ranged Weapons
    93 | D:1      | Reached XP level 2. HP: 14/26 MP: 2/2
    95 | D:1      | 95 ||| INVOKING Spit Poison.
    99 | D:1      | 99 ||| INVOKING Spit Poison.
   167 | D:1      | 167 ||| FLEEEEING.
   168 | D:1      | 168 ||| FLEEEEING.
   169 | D:1      | 169 ||| FLEEEEING.
   175 | D:1      | 175 ||| INVOKING Spit Poison.
   219 | D:1      | 219 ||| INVOKING Spit Poison.
   254 | D:1      | 254 ||| INVOKING Spit Poison.
   284 | D:1      | 284 ||| INVOKING Spit Poison.
   332 | D:1      | 332 ||| INVOKING Spit Poison.
   506 | D:1      | 506 ||| INVOKING Spit Poison.
   509 | D:1      | Reached XP level 3. HP: 32/32 MP: 3/3
   537 | D:1      | 537 ||| INVOKING Spit Poison.
   543 | D:1      | 543 ||| INVOKING Spit Poison.
   547 | D:1      | 547 ||| INVOKING Spit Poison.
   548 | D:1      | 548 ||| INVOKING Spit Poison.
   718 | D:1      | 718 ||| INVOKING Spit Poison.
   722 | D:1      | 722 ||| INVOKING Spit Poison.
   725 | D:1      | 725 ||| INVOKING Spit Poison.
   732 | D:1      | 732 ||| INVOKING Spit Poison.
   883 | D:1      | 883 ||| UPGRADING to ring of resist corrosion.
   884 | D:1      | 884 ||| UPGRADING to +5 ring of evasion.
   885 | D:1      | 885 ||| READING 3 scrolls labelled XYHUH JYHY.
   886 | D:1      | 886 ||| READING 2 scrolls labelled ZUNOACITODD.
   887 | D:1      | 887 ||| READING scroll labelled KOIT WONIOV.
   888 | D:1      | 888 ||| DRINKING 2 black potions.
   889 | D:1      | 889 ||| DROPPING 2 scrolls of amnesia.
   890 | D:1      | 890 ||| DROPPING scroll of butterflies.
   905 | D:2      | 905 ||| INVOKING Spit Poison.
   910 | D:2      | 910 ||| INVOKING Spit Poison.
   966 | D:2      | 966 ||| INVOKING Spit Poison.
   973 | D:2      | 973 ||| INVOKING Spit Poison.
  1010 | D:2      | 1010 ||| INVOKING Spit Poison.
  1019 | D:2      | 1019 ||| INVOKING Spit Poison.
  1022 | D:2      | Reached skill level 5 in Ranged Weapons
  1022 | D:2      | Reached XP level 4. HP: 39/39 MP: 4/4
  1039 | D:2      | 1039 ||| INVOKING Spit Poison.
  1102 | D:2      | 1102 ||| INVOKING Spit Poison.
  1109 | D:2      | Noticed Jessica
  1111 | D:2      | 1111 ||| INVOKING Spit Poison.
  1112 | D:2      | Killed Jessica
  1185 | D:2      | Noticed Sigmund
  1189 | D:2      | 1189 ||| INVOKING Spit Poison.
  1192 | D:2      | Killed Sigmund
  1193 | D:2      | Reached XP level 5. HP: 37/51 MP: 5/5
  1193 | D:2      | Reached XP level 6. HP: 43/60 MP: 6/6
  1196 | D:2      | 1196 ||| INVOKING Spit Poison.
  1280 | D:2      | 1280 ||| INVOKING Spit Poison.
  1434 | D:2      | 1434 ||| INVOKING Spit Poison.
  1557 | D:2      | 1557 ||| INVOKING Spit Poison.
  1602 | D:2      | 1602 ||| READING scroll labelled IZIKHA BAMP.
  1606 | D:2      | 1606 ||| DRINKING 2 sapphire potions.
  1607 | D:2      | 1607 ||| DRINKING 2 inky potions.
  1608 | D:2      | 1608 ||| DROPPING potion of attraction.
  1686 | D:3      | 1686 ||| INVOKING Spit Poison.
  1706 | D:3      | 1706 ||| INVOKING Spit Poison.
  1711 | D:3      | 1711 ||| INVOKING Spit Poison.
  1714 | D:3      | 1714 ||| INVOKING Spit Poison.
  1719 | D:3      | 1719 ||| INVOKING Spit Poison.
  1821 | D:3      | 1821 ||| INVOKING Spit Poison.
  1957 | D:3      | 1957 ||| INVOKING Spit Poison.
  1993 | D:3      | 1993 ||| INVOKING Spit Poison.
  2029 | D:3      | 2029 ||| INVOKING Spit Poison.
  2032 | D:3      | Found a stormy altar of Qazlal.
  2032 | D:3      | Noticed a sky beast
  2033 | D:3      | 2033 ||| INVOKING Spit Poison.
  2036 | D:3      | 2036 ||| INVOKING Spit Poison.
  2041 | D:3      | 2041 ||| INVOKING Spit Poison.
  2043 | D:3      | Killed a sky beast
  2116 | D:3      | 2116 ||| INVOKING Spit Poison.
  2120 | D:3      | 2120 ||| INVOKING Spit Poison.
  2125 | D:3      | Reached skill level 6 in Ranged Weapons
  2211 | D:3      | 2211 ||| INVOKING Spit Poison.
  2215 | D:3      | 2215 ||| Stepping ~*~*~tactically~*~*~ (outnumbered).
  2217 | D:3      | 2217 ||| INVOKING Spit Poison.
  2224 | D:3      | 2224 ||| Stepping ~*~*~tactically~*~*~ (outnumbered).
  2225 | D:3      | 2225 ||| INVOKING Spit Poison.
  2231 | D:3      | 2231 ||| INVOKING Spit Poison.
  2236 | D:3      | 2236 ||| INVOKING Spit Poison.
  2241 | D:3      | 2241 ||| INVOKING Spit Poison.
  2331 | D:3      | 2331 ||| READING scroll labelled DUVVEWN NYQEUGH.
  2332 | D:3      | 2332 ||| DRINKING 3 bubbling dark potions.
  2333 | D:3      | 2333 ||| DROPPING 2 potions of degeneration.
  2353 | D:4      | 2353 ||| INVOKING Spit Poison.
  2356 | D:4      | 2356 ||| INVOKING Spit Poison.
  2358 | D:4      | Reached XP level 7. HP: 58/66 MP: 7/7
  2358 | D:4      | 2358 ||| STAIRDANCE
  2431 | D:4      | 2431 ||| INVOKING Spit Poison.
  2434 | D:4      | 2434 ||| INVOKING Spit Poison.
  2512 | D:4      | 2512 ||| INVOKING Spit Poison.
  2517 | D:4      | 2517 ||| INVOKING Spit Poison.
  2546 | D:4      | 2546 ||| INVOKING Spit Poison.
  2580 | D:4      | 2580 ||| INVOKING Spit Poison.
  2583 | D:4      | 2583 ||| INVOKING Spit Poison.
  2661 | D:4      | 2661 ||| INVOKING Spit Poison.
  2665 | D:4      | 2665 ||| INVOKING Spit Poison.
  2700 | D:4      | 2700 ||| INVOKING Spit Poison.
  2703 | D:4      | 2703 ||| INVOKING Spit Poison.
  2747 | D:4      | Found Odwelosi's Weapon Shoppe.
  2775 | D:4      | 2775 ||| INVOKING Spit Poison.
  2812 | D:4      | Found a runed translucent door.
  2813 | D:4      | Noticed Crazy Yiuf
  2885 | D:4      | 2885 ||| INVOKING Spit Poison.
  2998 | D:4      | 2998 ||| INVOKING Spit Poison.
  3000 | D:4      | 3000 ||| DRINKING 2 potions of curing.
  3000 | D:4      | 3000 ||| (to cure confusion)
  3012 | D:4      | 3012 ||| INVOKING Spit Poison.
  3015 | D:4      | 3015 ||| INVOKING Spit Poison.
  3041 | D:4      | 3041 ||| INVOKING Spit Poison.
  3051 | D:4      | 3051 ||| INVOKING Spit Poison.
  3057 | D:4      | Reached skill level 7 in Ranged Weapons
  4168 | D:4      | 4168 ||| Stepping randomly (stuck).
  4216 | D:5      | Entered Level 5 of the Dungeon
  4232 | D:5      | 4232 ||| INVOKING Spit Poison.
  4241 | D:5      | 4241 ||| INVOKING Spit Poison.
  4247 | D:5      | 4247 ||| INVOKING Spit Poison.
  4290 | D:5      | Found Kucvimoe's Antique Weapon Shoppe.
  4325 | D:5      | Found a staircase to the Ecumenical Temple.
  4326 | D:5      | 4326 ||| PLANNING TEMPLE
  4326 | D:5      | 4326 ||| DRINKING potion of curing.
  4326 | D:5      | 4326 ||| (to cure confusion)
  4327 | D:5      | 4327 ||| Stepping ~*~*~tactically~*~*~ (outnumbered).
  4328 | D:5      | 4328 ||| INVOKING Spit Poison.
  4333 | D:5      | 4333 ||| INVOKING Spit Poison.
  4337 | D:5      | 4337 ||| INVOKING Spit Poison.
  4340 | D:5      | HP: 9/66 [orc warrior/+0 war axe (13)]
  4341 | D:5      | 4341 ||| READING scroll of teleportation.
  4341 | D:5      | Mangled by an orc warrior

Levels and vault maps discovered:
D:1:      lightli_arrival_isolated_outpost, layout_basic, serial_corexii_hall,
          chequers_hall_statues_wall_a, corexii_hall_statues_x,
          chequers_hall_statues_y
D:2:      layout_basic, serial_corexii_hall, chequers_hall_statues_corner_a,
          corexii_hall_statues_l, uniq_jessica, uniq_sigmund
D:3:      minmay_roachtagon, layout_basic, nicolae_qazlal_beasts_of_the_sky
D:4:      layout_loops_cross, serial_shops, shop, nrook_uturn,
          uniq_crazy_yiuf_cottage
D:5:      layout_loops_ring, nicolae_overflow_hallway_of_the_gods,
          minmay_temple_entry_stoned_glass, serial_shops, shop, uniq_pikel

Skill      XL: |  1  2  3  4  5  6  7 |
---------------+----------------------+-----
Ranged Weapons | 4 5 6 7 |  7.2
Fighting       | 4 |  4.9
Dodging        | 2 |  2.3
Stealth        | |  1.5

Action                     |  1- 3 |  4- 6 |  7- 9 || total
---------------------------+-------+-------+-------++-------
   Fire: Shortbow          |    54 |    89 |    75 ||   218
Ability: Spit Poison       |    23 |    30 |    24 ||    77
    Use: Scroll            |     3 |     2 |     1 ||     6
         Potion            |     1 |     3 |     2 ||     6
 Armour: Leather armour    |     2 |    15 |     7 ||    24
  Dodge: Dodged            |    20 |    34 |    35 ||    89

Table legend:
 A = Non-vault XP
 B = Vault XP
 C = Vault XP percentage of total XP
 D = Non-vault monster count
 E = Vault monster count
 F = Vault count percentage of total count
                 A         B        C        D         E       F
            +---------+---------+-------+---------+---------+-------
      Total |     695 |     416 |  37.4 |      84 |      15 |  15.2
            +---------+---------+-------+---------+---------+-------
        D:1 |      58 |       0 |   0.0 |      27 |       0 |   0.0
        D:2 |      91 |     260 |  74.1 |      16 |       2 |  11.1
        D:3 |      51 |     156 |  75.4 |      17 |      13 |  43.3
        D:4 |     466 |       0 |   0.0 |      21 |       0 |   0.0
        D:5 |      29 |       0 |   0.0 |       3 |       0 |   0.0
            +---------+---------+-------+---------+---------+-------
